 Dungeon Sprint DCSS version 0.30.1-9-gdf580d7c3d (webtiles) character file.

Game seed: 4085674877370801560

37 Heoruswealwe the Poker (level 3, -1/36 HPs)
             Began as a Minotaur Fighter on Sept 26, 2023.
             Slain by a black bear (8 damage)
             ... in the Dungeon (Sprint IX: "|||||||||||||||||||||||||||||").
             The game lasted 00:00:49 (69 turns).

Heoruswealwe the Poker (Minotaur Fighter)             Turns: 69, Time: 00:00:50

Health: -1/36      AC:  3    Str: 22    XL:     3   Next: 21%
Magic:  2/2        EV:  9    Int:  5    God:
Gold:   0          SH:  4    Dex:  9    Spells: 2/2 levels left

rFire   . . .        a - +0 trident
rCold   . . .        d - +0 buckler
rNeg    . . .        c - +0 scale mail
rPois   .            (helmet restricted)
rElec   .            (no cloak)
rCorr   .            (no gloves)
SInv    .            (no boots)
Will    .....        (no amulet) Stlth
                     (no ring)
HPRegen 0.26/turn    (no ring)
MPRegen 0.08/turn

%: no teleportation
@: corroded
A: horns 2, retaliatory headbutt
a: no special abilities


You were in the Dungeon.
You visited 1 branch

Inventory:

Hand Weapons
 a - a +0 trident (weapon)
Armour
 c - a +0 scale mail (worn)
 d - a +0 buckler (worn)
Scrolls
 j - a scroll of blinking
Potions
 b - a potion of might
 g - a potion of haste
 i - a potion of berserk rage


   Skills:
 + Level 5.2 Fighting
 * Level 5.9 Polearms
 + Level 5.2 Armour
 - Level 3.6 Shields


You had 2 spell levels left.
You didn't know any spells.
Your spell library was empty.

Dungeon Overview and Level Annotations

Branches:
Dungeon (1/1)

Altars:


Innate Abilities, Weirdness & Mutations

You have a pair of horns on your head.
You reflexively headbutt those who attack you in melee.


Message History

You barely miss the jelly.
The jelly is heavily wounded.
The jelly closely misses you.
You puncture the jelly!
Your hands burn!
The jelly is almost dead.
The jelly hits you.
You are splashed with acid!
The jelly hits you.
* * * LOW HITPOINT WARNING * * *
You are splashed with acid.
* * * LOW HITPOINT WARNING * * *
You feel much better. The jelly hits you.
You are splashed with acid.
You puncture the jelly!
You kill the jelly!
Your Fighting skill increases to level 5!
Your Polearms skill gained 2 levels and is now at level 5!
Your Armour skill increases to level 5!
You have reached level 2!
You have reached level 3!
Your experience leads to an increase in your attributes!
Increase (S)trength, (I)ntelligence, or (D)exterity?
You feel stronger. x2
You barely miss the black bear.
You headbutt the black bear, but do no damage.
The black bear barely misses you. The black bear claws you.
The black bear claws you but does no damage.
You barely miss the black bear. The black bear bites you.
* * * LOW HITPOINT WARNING * * *
The black bear claws you.
* * * LOW HITPOINT WARNING * * *
The black bear claws you but does no damage.
You feel better. The black bear barely misses you. You furiously retaliate!
You headbutt the black bear. The black bear claws you.
The black bear claws you but does no damage.
You hit the black bear but do no damage.
The black bear is lightly wounded.
The black bear barely misses you. The black bear claws you. x2
* * * LOW HITPOINT WARNING * * *
You hit the black bear.
The black bear is lightly wounded.
The black bear bites you!
You die... ▓▓▓▓▓▓▓▓▓▓▓▓▓▓▓▓▓▓ +..SSOh@....).!.<▓ ▓▓▓▓▓▓▓▓▓▓▓▓▓▓▓▓▓▓

You could see a black bear, an ogre and 2 adders.

Vanquished Creatures
  A jelly (D)
  A giant cockroach (D)
  A goblin (D)
  A hobgoblin (D)
  A ball python (D)
  A kobold (D)
6 creatures vanquished.

Notes
Turn   | Place    | Note
-------+----------+-------------------------------------------
     0 | D        | Heoruswealwe the Minotaur Fighter began the quest for the
                  | Orb.
     0 | D        | Reached XP level 1. HP: 19/19 MP: 0/0
    59 | D        | Noticed an ogre
    59 | D        | Noticed a black bear
    59 | D        | Noticed a jelly
    62 | D        | HP: 1/20 [acid (5)]
    64 | D        | Killed a jelly
    65 | D        | Reached skill level 5 in Fighting
    65 | D        | Reached skill level 5 in Polearms
    65 | D        | Reached skill level 5 in Armour
    65 | D        | Reached XP level 2. HP: 12/29 MP: 1/1
    65 | D        | Reached XP level 3. HP: 15/36 MP: 2/2
    69 | D        | Slain by a black bear

Illustrated notes

Levels and vault maps discovered:
D:        linesprint [early_d, line_temple, items_1, d_10, items_2, lair_1,
          lair_end, items_3, orc_1, orc_end, items_4, d_15, swamp_1, shoals_1,
          snake_1, spider_1, d_20, vaults_1, items_5, swamp_end, shoals_end,
          snake_end, spider_end, vaults_end, d_27, items_6, zot_1, zot_end,
          crypt_end, forest_end, elf_end, slime_end, tomb_end, abyss_end,
          pan_hell_end]

Skill      XL: |  1 |
---------------+----+-----
Polearms       | 5 |  5.9
Fighting       | 5 |  5.2
Armour         | 5 |  5.2
Shields        | |  3.6

Action                     || total
---------------------------++-------
  Melee: Trident           ||    24
         Headbutt          ||     1
    Use: Potion            ||     2
 Armour: Scale mail        ||     4
  Dodge: Dodged            ||    11
  Block: Buckler           ||     2
